 Dungeon Crawl Stone Soup version bcrawl-1.21.2-20-g6d45ba5942 (webtiles) character file.

Game seed: 14364627673922463201

2431 Revguard the Thaumaturge (level 9, -2/54 HPs)
             Began as a Skeleton Reaver on Feb 27, 2020.
             Was a Priest of Vehumet.
             Slain by a troll (3 damage)
             ... on level 6 of the Dungeon.
             The game lasted 00:31:02 (6150 turns).

Revguard the Thaumaturge (Skeleton Reaver)          Turns: 6150, Time: 00:31:03

Health: -2/54      AC:  8    Str: 17 (18) XL:     9   Next: 24%
Magic:  0/21       EV: 14    Int: 13      God:    Vehumet [***...]
Gold:   333        SH:  0    Dex: 10      Spells: 11/25 levels left

rFire    . . .     SeeInvis +   h - +0 spear (venom)
rCold    + . .     Gourm    .   (no shield)
rNeg     + + +     Faith    .   b - +1 steam dragon scales
rPois    ∞         Spirit   +   n - +0 helmet
rElec    +         Reflect  .   (no cloak)
rCorr    .         Harm     .   s - +0 pair of gloves
MR       +....                  (no boots)
Stlth    ++........             (no amulet)
HPRegen  0.18/turn              j - ring of insulation
MPRegen  0.17/turn              e - ring of see invisible

@: no status effects
A: no food or potions, cold resistance 1, deterioration 1, negative energy
resistance 3, powered by death 1, torment resistance, unbreathing, magic shield,
sturdy frame 1, spell healing
a: Renounce Religion


You were on level 6 of the Dungeon.
You worshipped Vehumet.
Vehumet was most pleased with you.
You were not hungry.

You visited 1 branch of the dungeon, and saw 7 of its levels.

You collected 333 gold pieces.

Inventory:

Hand Weapons
 a - a +0 trident
 h - a +0 spear of venom (weapon)
Armour
 b - +1 steam dragon scales (worn)
 k - a +2 pair of gloves
 n - a +0 helmet (worn)
 s - a +0 pair of gloves (worn)
Jewellery
 e - a ring of see invisible (right hand)
 i - an uncursed ring of protection from magic
 j - a ring of insulation (left hand)
 m - an uncursed ring of stealth
Wands
 l - a wand of digging (7)
 o - a wand of polymorph (9)
 r - a wand of flame (10)
Scrolls
 c - 2 scrolls of immolation
 d - 3 scrolls of magic mapping
 f - 3 scrolls of identify
 g - 2 scrolls of remove curse
 p - a scroll of teleportation
 q - a scroll of noise


   Skills:
 + Level 5.1 Fighting
 + Level 7.1 Polearms
 + Level 5.3 Dodging
 + Level 3.4 Stealth
 + Level 8.9 Spellcasting
 + Level 5.1 Conjurations
 + Level 0.3 Hexes
 + Level 1.9 Charms
 + Level 2.4 Ice Magic
 + Level 2.8 Poison Magic


You had 11 spell levels left.
You knew the following spells:

 Your Spells              Type           Power        Failure   Level  Hunger
a - Sting                 Conj/Pois      ###.         1%          1    N/A
b - Throw Frost           Conj/Ice       ###...       1%          2    N/A
c - Dazzling Spray        Conj/Hex       ##....       3%          3    N/A
e - Conjure Flame         Conj/Fire      ##......     3%          3    N/A
f - Iskenderun's Battles  Conj/Chrm      ###.....     22%         5    N/A

Your spell library contained the following spells:

 Spells                   Type           Power        Failure   Level  Hunger
 Shock                    Conj/Air       ##...        1%          1    N/A
 Sandblast                Erth           #.....       3%          1    N/A
 Infusion                 Chrm           ##......     5%          1    N/A
 Slow                     Hex            #.......     11%         1    N/A
 Apportation              Tloc           #.....       13%         1    N/A
 Summon Butterflies       Summ           #.......     13%         1    N/A
 Swiftness                Chrm/Air       #.......     13%         2    N/A
 Airstrike                Air            #.........   30%         4    N/A
 Lightning Bolt           Conj/Air       ##........   30%         5    N/A
 Static Discharge         Air            #.......     36%         3    N/A

Dungeon Overview and Level Annotations

Branches:
Dungeon (7/12)             Temple (0/1) D:6
   Lair: D:7-9

Altars:
Dithmenos
Fedhas
Okawaru
Qazlal
Trog
Vehumet
Zin

Shops:
D:5 ?


Innate Abilities, Weirdness & Mutations

You do not eat or drink.
You are immune to poison.
Your flesh is cold resistant. (rC+)
Your body sometimes deteriorates upon taking damage.
You are immune to negative energy. (rN+++)
You regenerate a little health from kills.
You are immune to unholy pain and torment.
You can survive without breathing.
When hurt, damage is shared between your health and your magic reserves.
Your movements are slightly less encumbered by armour. (ER -2)
Casting spells heals you.


Message History

The troll bites you!
* * * LOW HITPOINT WARNING * * *
The troll closely misses you. The troll claws you.
* * * LOW HITPOINT WARNING * * *
You climb upwards.
There is a stone staircase leading down here.
Okay, then.
Evoke which item? (* to show all) (? for menu, Esc to quit)
Okay, then.
Evoke which item? (* to show all) (? for menu, Esc to quit)
Aiming: Polymorph
Press: ? - help, Shift-Dir - straight line, f - troll
Aim: a troll (moderately wounded, poisoned, chance to defeat MR: 46%)
Okay, then.
Evoke which item? (* to show all) (? for menu, Esc to quit)
Aiming: Polymorph
Press: ? - help, Shift-Dir - straight line, f - troll
Aim: a troll (moderately wounded, poisoned, chance to defeat MR: 46%)
The troll resists with some effort.
The troll bites you.
You die...

≈...#.....######........#
≈.....###.# #........#
≈..#.####.# #############
..##...##.## #....#
.....#.##..######## #....#
.###...##.........#####....#
## ##...#......##....##....#
# ##.........#####.......#
##........#@T.........#
##.......#.######....# ##
#.........# #....# .#
#.....#..## #.[..# .##
###.......## ######
..####...##....#
#......#.###...# #.######.#
#...# #.####...# ##..##


You could see a troll.

Vanquished Creatures
  Eustachio (D:5)
  An ice beast (D:7)
  An orc warrior (D:6)
  A sky beast (D:4)
  2 wolves
  2 phantoms
  An ogre (D:5)
  A centaur (D:5)
  A big kobold (D:6)
  2 bullfrogs
  A scorpion (D:4)
  A water moccasin skeleton (D:7)
  A killer bee (D:4)
  An electric eel (D:7)
  A howler monkey (D:5)
  3 crimson imps
  A jelly (D:6)
  A bullfrog skeleton (D:4)
  An orc priest (D:4)
  2 centaur skeletons
  6 hounds
  An orc wizard (D:3)
  Jessica (D:2)
  Ijyb (D:3)
  4 worker ants
  Robin (D:3)
  8 adders
  2 oozes
  2 adder zombies (D:6)
  A worm (D:3)
  A dart slug (D:3)
  4 leopard geckos
  16 orcs
  6 bats
  A giant cockroach (D:1)
  14 goblins
  9 hobgoblins
  14 jackals
  5 kobolds
  4 quokkas
  A ball python (D:3)
  3 frilled lizards
  A leopard gecko skeleton (D:5)
  3 rats (D:1)
135 creatures vanquished.

Notes
Turn   | Place    | Note
-------+----------+-------------------------------------------
     0 | D:1      | Revguard the Skeleton Reaver began the quest for the Orb.
     0 | D:1      | Reached XP level 1. HP: 14/14 MP: 4/4
   107 | D:1      | Reached XP level 2. HP: 19/19 MP: 6/6
   798 | D:2      | Noticed Jessica
   805 | D:2      | Killed Jessica
   805 | D:2      | Reached * piety under Vehumet
   805 | D:2      | Offered knowledge of Sting by Vehumet.
   805 | D:2      | Reached XP level 3. HP: 23/23 MP: 7/7
   810 | D:2      | Learned a level 1 spell: Sting
   913 | D:2      | Reached XP level 4. HP: 24/28 MP: 0/9
   991 | D:2      | Noticed an earth elemental
   992 | D:2      | Found a faded altar of an unknown god.
  1344 | D:2      | Found a stormy altar of Qazlal.
  1346 | D:2      | Noticed an air elemental
  1347 | D:2      | Noticed a fire elemental
  1347 | D:2      | Noticed a water elemental
  1582 | D:3      | Reached skill level 4 in Spellcasting
  1591 | D:3      | Reached XP level 5. HP: 32/32 MP: 6/11
  1648 | D:3      | Reached skill level 5 in Polearms
  1665 | D:3      | Noticed Ijyb
  1687 | D:3      | Killed Ijyb
  1687 | D:3      | Reached skill level 1 in Conjurations
  1693 | D:3      | Noticed Robin
  1731 | D:3      | Killed Robin
  1731 | D:3      | Offered knowledge of Throw Frost by Vehumet.
  1746 | D:3      | Learned a level 2 spell: Throw Frost
  1752 | D:3      | Learned a level 5 spell: Iskenderun's Battlesphere
  1931 | D:3      | Reached ** piety under Vehumet
  1931 | D:3      | Reached skill level 1 in Poison Magic
  2628 | D:4      | Gained mutation: You regenerate a little health from kills.
                  | [Skeleton growth]
  2628 | D:4      | Reached XP level 6. HP: 21/38 MP: 0/13
  2678 | D:4      | Noticed a sky beast
  2849 | D:4      | Killed a sky beast
  2849 | D:4      | Reached skill level 1 in Stealth
  2849 | D:4      | Reached skill level 5 in Spellcasting
  3058 | D:4      | Reached skill level 6 in Spellcasting
  3058 | D:4      | Reached XP level 7. HP: 43/43 MP: 10/16
  3208 | D:4      | Reached skill level 1 in Ice Magic
  3215 | D:4      | Learned a level 4 spell: Airstrike
  3309 | D:4      | Found a bloodstained altar of Trog.
  3326 | D:4      | Found a shadowy altar of Dithmenos.
  3330 | D:4      | Found a glowing silver altar of Zin.
  3330 | D:4      | Found a radiant altar of Vehumet.
  3640 | D:4      | Found a blossoming altar of Fedhas.
  3720 | D:5      | Entered Level 5 of the Dungeon
  3729 | D:5      | Found an iron altar of Okawaru.
  3933 | D:5      | Offered knowledge of Conjure Flame by Vehumet.
  4094 | D:5      | Reached skill level 7 in Spellcasting
  4094 | D:5      | Reached skill level 1 in Charms
  4167 | D:5      | Found Hadgheqa's Magic Scroll Shop.
  4174 | D:5      | Reached XP level 8. HP: 48/48 MP: 13/18
  4382 | D:5      | Reached *** piety under Vehumet
  4411 | D:5      | Learned a level 3 spell: Conjure Flame
  4490 | D:5      | Noticed Eustachio
  4515 | D:5      | Killed Eustachio
  4827 | D:6      | Found a staircase to the Ecumenical Temple.
  4892 | D:6      | Reached skill level 5 in Dodging
  5040 | D:6      | Offered knowledge of Dazzling Spray by Vehumet.
  5040 | D:6      | Reached skill level 8 in Spellcasting
  5055 | D:6      | Learned a level 3 spell: Dazzling Spray
  5654 | D:7      | Reached XP level 9. HP: 20/53 MP: 0/21
  5664 | D:7      | Reached skill level 5 in Fighting
  5890 | D:7      | Noticed a troll
  5904 | D:7      | Reached skill level 5 in Conjurations
  6148 | D:7      | HP: 1/54 [troll (5)]
  6150 | D:6      | Slain by a troll

Skill      XL: |  1  2  3  4  5  6  7  8  9 |
---------------+----------------------------+-----
Polearms       | 4 5 6 7 |  7.1
Spellcasting   | 4 6 7 8 |  8.9
Conjurations   | 1 2 3 4 5 |  5.1
Poison Magic   | 1 2 |  2.8
Dodging        | 4 5 |  5.3
Stealth        | 1 2 3 |  3.4
Fighting       | 4 5 |  5.1
Ice Magic      | 1 2 |  2.4
Charms         | 1 |  1.9
Hexes          | |  0.3

Action                   |  1- 3 |  4- 6 |  7- 9 || total
-------------------------+-------+-------+-------++-------
Melee: Trident           |    47 |       |       ||    47
       Spear             |    16 |   111 |   214 ||   341
 Cast: Sting             |     8 |    52 |    62 ||   122
       Throw Frost       |       |    16 |    49 ||    65
       Iskenderun's Batt |       |     1 |     9 ||    10
       Dazzling Spray    |       |       |     6 ||     6
       Conjure Flame     |       |       |     1 ||     1
Evoke: Wand              |       |       |     1 ||     1
  Use: Scroll            |       |     6 |     6 ||    12
 Stab: Sleeping          |       |       |     3 ||     3
Armor: Steam dragon scal |    30 |    57 |    88 ||   175
Dodge: Dodged            |    70 |   117 |   205 ||   392
